[Event "Team 45 45 League T84"]
[Site "Internet Chess Club"]
[Date "2020.04.18"]
[Round "3"]
[White "QuieroAprender"]
[Black "LittleButton"]
[Result "1/2-1/2"]
[WhiteElo "1661"]
[BlackElo "1863"]
[Opening "Queen's pawn, Mason variation"]
[ECO "D00"]
[Time "13:01:33"]
[TimeControl "2700+45"]

1. d4 d5 2. Bf4 Nf6 3. e3 c5 4. c3 Qb6 5. Qb3 c4 6. Qxb6 axb6 7. Nd2 b5 8. a3
Nc6 9. Rb1 Bf5 10. Rc1 e6 11. f3 Be7 12. h4 h6 13. g4 Bg6 14. Bg2 Nd7 15. Bg3
Nb6 16. e4 Na4 17. Rb1 O-O 18. Ne2 Rfd8 19. f4 dxe4 20. h5 Bh7 21. Nxe4 Nb6 22.
O-O Nd5 23. Bf2 Na5 24. Rbd1 Nb3 25. Kh2 Rf8 26. Nc5 Bc2 27. Rde1 Bxc5 28. dxc5
Bd3 29. Rg1 Rac8 30. Nc1 Nxc1 31. Rxc1 Nxf4 32. Bxb7 Ne2 33. Bxc8 Rxc8 34. Rce1
Nxg1 35. Bxg1 Kf8 {Game drawn by mutual agreement} 1/2-1/2

[Event "Team 45 45 League T84"]
[Site "Internet Chess Club"]
[Date "2020.04.18"]
[Round "3"]
[White "Portola"]
[Black "MathBandit"]
[Result "0-1"]
[WhiteElo "1708"]
[BlackElo "1681"]
[Opening "Queen's pawn game, Darooha variation "]
[ECO "D02"]
[Time "18:00:31"]
[TimeControl "2700+45"]

1. d4 d5 2. Nf3 Nf6 3. c3 e6 4. Bg5 c5 5. e3 Qb6 6. Qb3 Nc6 7. Nbd2 Bd7 8. Be2
Bd6 9. O-O cxd4 10. exd4 Qc7 11. Rfe1 Ne4 12. Nf1 Nxg5 13. Nxg5 O-O 14. Bd3 h6
15. Nf3 Rfc8 16. Re2 a6 17. Rae1 Na7 18. Ne5 Bb5 19. Qd1 Bxd3 20. Qxd3 Nc6 21.
f4 Nxe5 22. fxe5 Be7 23. Nd2 b5 24. Rf2 b4 25. Qf3 Bh4 26. g3 bxc3 27. bxc3 Bg5
28. Nb1 Ra7 29. h4 Bd8 30. Qh5 Qd7 31. Ref1 Ba5 32. Rf4 Bxc3 33. Rg4 Qa4 34.
Nxc3 Rxc3 35. Qxh6 Qxd4+ 36. Rxd4 gxh6 37. Rg4+ Kf8 38. Rb1 Rc8 39. Rf4 Rc4 40.
Rb8+ Kg7 41. Rf3 Rc1+ 42. Kg2 Rc2+ 43. Kh3 Rxa2 44. h5 Re2 45. Rc3 Rxe5 46. Rcc8
Rxh5+ 47. Kg4 Rg5+ 48. Kh4 a5 49. Rg8+ Kf6 50. Rh8 Rg6 51. Rhd8 a4 52. Rb6 a3
53. Rb1 a2 54. Ra1 Rg5 55. Rb8 Re5 56. Rb2 d4 57. Raxa2 Rxa2 58. Rxa2 d3 59. Rd2
Rd5 60. Kg4 e5 61. Kf3 Ke6 {White resigns} 0-1

[Event "Team 45 45 League T84"]
[Site "Internet Chess Club"]
[Date "2020.04.20"]
[Round "3"]
[White "Kingofknights"]
[Black "andrew37"]
[Result "0-1"]
[WhiteElo "1554"]
[BlackElo "1632"]
[Opening "Grünfeld defense"]
[ECO "D80"]
[Time "17:33:31"]
[TimeControl "2700+45"]

1. d4 Nf6 2. c4 g6 3. Nc3 d5 4. e3 Bg7 5. b3 O-O 6. Bb2 c5 7. Nf3 Qa5 8. Qd2
cxd4 9. Nxd4 dxc4 10. Bxc4 e5 11. Nc2 Rd8 12. Qe2 Ne4 13. b4 Nxc3 14. Bxc3 Qc7
15. Bb2 Bf5 16. e4 Bg4 17. f3 Bd7 18. O-O b5 19. Bd5 Bc6 20. Bxc6 Nxc6 21. Rac1
Bh6 22. Rcd1 a6 23. Rxd8+ Rxd8 24. Rd1 Qb6+ 25. Kf1 Nd4 26. Nxd4 exd4 27. Qd3
Be3 28. Bc1 Bxc1 29. Rxc1 Qd6 30. Rc5 Qxh2 31. Rc6 Qh1+ 32. Kf2 Qh4+ 33. Kf1 Qe7
34. Rxa6 Qxb4 35. Ra3 Rc8 36. Kf2 Rc1 37. f4 Qb2+ 38. Kf3 Qxa3 39. Qxa3 Rc3+ 40.
Qxc3 dxc3 41. Ke3 b4 42. Kd3 f6 43. a4 bxa3 44. Kxc3 g5 45. fxg5 fxg5 46. Kb3 h5
47. Kxa3 h4 48. Kb3 g4 49. Kc3 h3 {White resigns} 0-1

[Event "Team 45 45 League T84"]
[Site "Internet Chess Club"]
[Date "2020.04.19"]
[Round "3"]
[White "cadmiumorange"]
[Black "fishhead"]
[Result "1-0"]
[WhiteElo "1780"]
[BlackElo "1783"]
[Opening "Giuoco Piano: four knights variation"]
[ECO "C26"]
[Time "14:00:45"]
[TimeControl "2700+45"]

1. e4 Nf6 2. Nc3 e5 3. Bc4 Bc5 4. Nf3 Nc6 5. O-O O-O 6. d3 h6 7. Nd5 d6 8. h3
Na5 9. b4 Nxc4 10. bxc5 Na5 11. Bd2 Nc6 12. cxd6 cxd6 13. c4 Nxd5 14. cxd5 Ne7
15. d4 f5 16. exf5 e4 17. Nh4 Nxf5 18. Nxf5 Bxf5 19. Qb3 b6 20. Rac1 Rc8 21. Rc6
Rxc6 22. dxc6+ d5 23. c7 Qd7 24. Rc1 Be6 25. Qg3 Kh7 26. Bf4 Qf7 27. Bd6 Re8 28.
Be5 Bc8 29. Qf4 Qg6 30. Rc3 Qe6 31. Rg3 g5 32. Qe3 Qf5 33. h4 Rxe5 34. dxe5 gxh4
35. Rh3 Qh5 36. Qa3 Qxe5 37. Qc3 d4 38. Qc4 d3 39. Qf7+ Qg7 40. Qxg7+ Kxg7 41.
Kf1 Kg6 42. Rxh4 Bb7 43. Ke1 Kg5 44. Rxe4 {Black resigns} 1-0

[Event "Team 45 45 League T84"]
[Site "Internet Chess Club"]
[Date "2020.04.20"]
[Round "3"]
[White "Goli"]
[Black "McDreasor"]
[Result "1/2-1/2"]
[WhiteElo "1744"]
[BlackElo "1630"]
[Opening "Sicilian: Alapin's variation (2.c3)"]
[ECO "B22"]
[Time "14:00:24"]
[TimeControl "2700+45"]

1. e4 c5 2. c3 Nf6 3. e5 Nd5 4. d4 cxd4 5. cxd4 d6 6. Nf3 e6 7. Be2 Nc6 8. O-O
Be7 9. a3 O-O 10. b4 b6 11. Qc2 Bb7 12. Nc3 Nxc3 13. Qxc3 Rc8 14. Qb3 dxe5 15.
dxe5 Nd4 16. Nxd4 Qxd4 17. Bb2 Qf4 18. Rad1 Rfd8 19. Rxd8+ Rxd8 20. Rd1 Rd2 21.
Rxd2 Qxd2 22. Bf1 Bh4 23. g3 Bg5 24. h4 Be7 25. Bc3 Qc1 26. Qb2 Qd1 27. Qe2 Qd5
28. f3 Qxf3 29. Qxf3 Bxf3 30. Kf2 Bd5 31. Bd3 f6 32. Ke3 h6 33. Bg6 Kf8 34. Bd4
Bc6 35. Kd3 Bb5+ 36. Kc3 Bd8 37. Kb3 a5 38. bxa5 bxa5 39. h5 f5 40. Bc5+ Be7 41.
Bd6 Bxd6 42. exd6 Bd7 43. Kc4 e5 44. Kd5 e4 45. Kd4 Be6 46. Ke3 a4 47. Kf4 Bd7
48. Ke3 Be6 49. Kf4 Bd7 50. Ke3 Be6 {Game drawn by repetition} 1/2-1/2

[Event "Team 45 45 League T84"]
[Site "Internet Chess Club"]
[Date "2020.04.20"]
[Round "3"]
[White "elmaestro"]
[Black "cityprosecutor"]
[Result "1/2-1/2"]
[WhiteElo "1666"]
[BlackElo "1660"]
[Opening "English opening"]
[ECO "A10"]
[Time "11:11:22"]
[TimeControl "2700+45"]

1. c4 d6 2. g3 g6 3. Bg2 Bg7 4. Nf3 e5 5. Nc3 f5 6. d3 Nf6 7. O-O O-O 8. b4 h6
9. Rb1 g5 10. Nxg5 hxg5 11. Bxg5 Qe8 12. e3 c6 13. f4 Ng4 14. fxe5 Qg6 15. h4
dxe5 16. Ne2 Bf6 17. Bxf6 Qxf6 18. Qd2 Qh6 19. Rf3 Nd7 20. Rbf1 Ndf6 21. Rxf5
Bxf5 22. Rxf5 Qxe3+ 23. Qxe3 Nxe3 24. Rxe5 Nxg2 25. Kxg2 Rae8 26. Rg5+ Kf7 27.
Nf4 Rg8 28. Rf5 Rh8 29. g4 Rxh4 30. g5 Rg4+ 31. Kf3 Rg1 32. Rxf6+ Kg7 33. Ne6+
Kh7 34. Kf2 Rg4 35. Kf3 Rg1 36. Kf2 Rg4 37. Kf3 Rg1 {Game drawn by repetition}
1/2-1/2

[Event "Team 45 45 League T84"]
[Site "Internet Chess Club"]
[Date "2020.04.18"]
[Round "3"]
[White "Egmont"]
[Black "DaveTheRook"]
[Result "1-0"]
[WhiteElo "1709"]
[BlackElo "1540"]
[Opening "Queen's pawn game"]
[ECO "A46"]
[Time "12:00:53"]
[TimeControl "2700+45"]

1. d4 Nf6 2. Nf3 e6 3. Bf4 Bb4+ 4. c3 Be7 5. h3 b6 6. e3 Ba6 7. Bxa6 Nxa6 8. Qa4
Qc8 9. Nbd2 O-O 10. O-O c5 11. Rac1 Qb7 12. Ne5 b5 13. Qb3 c4 14. Nexc4 Qc6 15.
Ne5 Qc8 16. c4 b4 17. c5 Qb7 18. Nd3 Nd5 19. Bg3 Rac8 20. Nc4 Bd8 21. Nd6 Qa8
22. Nxc8 Qxc8 23. e4 Nf6 24. Nxb4 Nxe4 25. Bf4 g5 26. Be3 f5 27. f3 Ng3 28. Rfe1
Nxb4 29. Qxb4 f4 30. Bf2 Bc7 31. Qc4 Ba5 32. b4 Bc7 33. d5 e5 34. d6+ {Black
resigns} 1-0

[Event "Team 45 45 League T84"]
[Site "Internet Chess Club"]
[Date "2020.04.19"]
[Round "3"]
[White "Beetlejuice"]
[Black "fledermaus"]
[Result "0-1"]
[WhiteElo "1713"]
[BlackElo "1860"]
[Opening "Queen's gambit declined"]
[ECO "D30"]
[Time "11:02:12"]
[TimeControl "2700+45"]

1. d4 d5 2. c4 e6 3. Nf3 Nf6 4. g3 Bb4+ 5. Bd2 Be7 6. Bg2 c6 7. Qc2 Nbd7 8. O-O
O-O 9. Bf4 b6 10. b3 Bb7 11. Nc3 Nh5 12. Bc1 f5 13. Rd1 Rc8 14. Bb2 g5 15. e3 g4
16. Ne1 Nhf6 17. Nd3 Qe8 18. Nf4 Bd6 19. Nce2 Ne4 20. Rac1 Ng5 21. Kf1 Nf6 22.
a3 Nfe4 23. b4 Rf6 24. c5 Bb8 25. cxb6 axb6 26. Qd3 Rh6 27. h4 gxh3 28. Bh1 Nd6
29. Rc2 Nc4 30. Ng1 Ba6 31. Ke1 Nxb2 32. Qxa6 Nxd1 33. Kxd1 h2 34. Nge2 Ne4 35.
Ke1 b5 36. a4 Bxf4 37. exf4 Ra8 38. Qxc6 Qxc6 39. Rxc6 Rxa4 {White resigns} 0-1

[Event "Team 45 45 League T84"]
[Site "Internet Chess Club"]
[Date "2020.04.18"]
[Round "3"]
[White "Grenadier"]
[Black "BrianWood"]
[Result "0-1"]
[WhiteElo "1580"]
[BlackElo "1626"]
[Opening "Bishop's opening: Berlin defense"]
[ECO "C24"]
[Time "14:04:34"]
[TimeControl "2700+45"]

1. e4 e5 2. Bc4 Nf6 3. d3 c6 4. Bb3 d5 5. Nf3 a5 6. a4 Bb4+ 7. Bd2 dxe4 8. Ng5
Bxd2+ 9. Qxd2 O-O 10. dxe4 Qxd2+ 11. Nxd2 Nbd7 12. O-O-O Nc5 13. Rhe1 Nxb3+ 14.
Nxb3 h6 15. Nf3 Bg4 16. h3 Bxf3 17. gxf3 Rfd8 18. Rxd8+ Rxd8 19. Nxa5 Ra8 20.
Nxb7 Rxa4 21. Nc5 Ra1+ 22. Kd2 Rxe1 23. Kxe1 Kf8 24. Nd3 Nd7 25. Nb4 c5 26. Nd5
Ke8 27. Kd2 Kd8 28. Kc3 Nf8 29. Kc4 Ne6 30. c3 h5 31. b4 cxb4 32. Nxb4 Ng5 33.
Nc6+ Ke8 34. Nxe5 Nxh3 35. Kd5 Nxf2 36. c4 h4 37. f4 h3 38. Nf3 Nd3 39. f5 f6
40. c5 Ne5 41. Nh2 Kd7 42. Nf1 Nc6 43. Nh2 Ne7+ 44. Kd4 g5 45. fxg6 Nxg6 46. Ng4
Kc6 47. Ke3 Kxc5 48. Kf3 Ne5+ 49. Nxe5 fxe5 50. Kg3 Kd4 51. Kxh3 Kxe4 52. Kg2
Ke3 53. Kf1 Kd2 {White resigns} 0-1

[Event "Team 45 45 League T84"]
[Site "Internet Chess Club"]
[Date "2020.04.18"]
[Round "3"]
[White "CPTsopiens"]
[Black "justice02"]
[Result "1-0"]
[WhiteElo "1807"]
[BlackElo "1608"]
[Opening "Caro-Kann: Panov-Botvinnik attack"]
[ECO "B13"]
[Time "18:01:38"]
[TimeControl "2700+45"]

1. e4 c6 2. d4 d5 3. exd5 cxd5 4. c4 Nf6 5. Nf3 Nbd7 6. Nc3 e6 7. Bd3 h6 8. O-O
dxc4 9. Bxc4 Be7 10. Bf4 a6 11. Rc1 b5 12. Bb3 O-O 13. a3 Nh5 14. Be3 Bd6 15. d5
Nc5 16. dxe6 Nxb3 17. exf7+ Rxf7 18. Qxb3 Qf6 19. Qd5 Bb7 20. Qxh5 Bxf3 21. Qxf3
Qh4 22. Qxa8+ {Black resigns} 1-0

[Event "Team 45 45 League T84"]
[Site "Internet Chess Club"]
[Date "2020.04.18"]
[Round "3"]
[White "GoIrish"]
[Black "ghostfire"]
[Result "0-1"]
[WhiteElo "1481"]
[BlackElo "1665"]
[Opening "Réti opening"]
[ECO "A05"]
[Time "15:04:59"]
[TimeControl "2700+45"]

1. Nf3 Nf6 2. g3 d5 3. Bg2 Nc6 4. O-O e5 5. d3 Bg4 6. Nbd2 Qd7 7. c4 Bh3 8. cxd5
Nxd5 9. Nc4 Bxg2 10. Kxg2 f6 11. a3 h5 12. h4 O-O-O 13. Bd2 Qg4 14. Nh2 Qe6 15.
Nf3 Be7 16. Rc1 g5 17. hxg5 fxg5 18. Bxg5 Bxg5 19. Nxg5 Qg4 20. Nf7 Nf4+ 21. Kg1
Nd4 22. Re1 Ndxe2+ 23. Rxe2 Nxe2+ 24. Kf1 Nxc1 25. Qxc1 Rxd3 26. Ncxe5 Rd1+ 27.
Kg2 Qe4+ {White resigns} 0-1

[Event "Team 45 45 League T84"]
[Site "Internet Chess Club"]
[Date "2020.04.19"]
[Round "3"]
[White "PolishRyszard"]
[Black "Monterrey"]
[Result "1/2-1/2"]
[WhiteElo "1824"]
[BlackElo "1894"]
[Opening "Queen's pawn game"]
[ECO "D00"]
[Time "15:09:25"]
[TimeControl "2700+45"]

1. d4 Nf6 2. Nc3 d5 3. Bf4 g6 4. e3 Bg7 5. h4 h5 6. Nf3 Bg4 7. Be2 c5 8. Nb5 Na6
9. O-O O-O 10. c3 Qb6 11. a4 Bxf3 12. Bxf3 Rac8 13. Qe2 c4 14. e4 dxe4 15. Bxe4
Nb8 16. Bf3 a6 17. Na3 Qb3 18. Rfe1 Nc6 19. Qxc4 Qxc4 20. Nxc4 Nxd4 21. cxd4
Rxc4 22. Bxb7 Rb4 23. Bxa6 Rxb2 24. Rab1 Ra2 25. Bb5 Ng4 26. Be3 Rc8 27. Rbc1
Rxc1 28. Rxc1 Bf6 29. g3 Nxe3 30. fxe3 g5 31. hxg5 Bxg5 32. Re1 h4 33. gxh4 Bxh4
34. Rf1 Bg5 35. Rf3 Kg7 36. Kf1 e6 37. Be8 f5 38. Bd7 Kf6 39. d5 exd5 40. Rxf5+
Kg6 41. Rxd5 Bxe3 42. Rd3 Ba7 43. Rf3 Kg5 44. Ke1 Bb6 45. Kd1 Bd8 46. Kc1 Be7
47. Kb1 Ra3 48. Rf7 Bf6 49. Kc2 Rc3+ 50. Kd2 Rc7 51. Rh7 Be5 52. Kd3 Kg6 53.
Bf5+ Kxf5 54. Rxc7 Bxc7 {Game drawn by mutual agreement} 1/2-1/2

[Event "Team 45 45 League T84"]
[Site "Internet Chess Club"]
[Date "2020.04.26"]
[Round "3"]
[White "laurenpar"]
[Black "walkover"]
[Result "1-0"]
[WhiteElo "1873"]
[BlackElo "1749"]
[Opening "Queen's pawn: Yusupov-Rubinstein system"]
[ECO "A46"]
[Time "04:37:35"]
[TimeControl "2700+45"]

1. d4 Nf6 2. Nf3 e6 3. e3 c5 4. Bd3 b6 5. O-O Bb7 6. Nbd2 Nc6 7. b3 Be7 8. Bb2
O-O 9. a3 Qc7 10. Rc1 cxd4 11. exd4 d6 12. c4 Rad8 13. Qe2 Nd7 14. Rfe1 Rfe8 15.
Qe4 g6 16. Qg4 Qb8 17. Ng5 Nf8 18. Qf4 Bxg5 19. Qxg5 e5 20. d5 Nd4 21. f4 Nd7
22. f5 f6 23. Qg4 g5 24. h4 h6 25. Qh5 Nf8 26. Qxh6 Rd7 27. Bxd4 exd4 28. Ne4
Nh7 29. Nxf6+ Nxf6 30. Qxf6 Rxe1+ 31. Rxe1 gxh4 32. Qg6+ Kf8 33. Qh6+ Kg8 34. f6
Qd8 35. Bf5 {Black resigns} 1-0

[Event "Team 45 45 League T84"]
[Site "Internet Chess Club"]
[Date "2020.04.18"]
[Round "3"]
[White "cadmiumorange"]
[Black "fishhead"]
[Result "1-0"]
[WhiteElo "1804"]
[BlackElo "1801"]
[Opening "Réti opening"]
[ECO "A04"]
[Time "14:02:12"]
[TimeControl "2700+45"]

1. Nf3 c5 2. g3 Nf6 3. Bg2 g6 4. O-O Bg7 5. d3 d5 6. Nbd2 O-O 7. c3 Nc6 8. e4 d4
9. cxd4 cxd4 10. a4 e5 11. Nc4 Qe7 12. b3 Nd7 13. Ba3 Nb4 14. Qd2 a5 15. Nxa5
Rxa5 16. Bxb4 Rc5 17. Rfc1 Re8 18. Bxc5 Nxc5 19. Qc2 b6 20. a5 Be6 21. axb6 Nxb3
22. Ra7 Qb4 23. b7 Nxc1 24. Ra8 Qb5 25. Rxe8+ Qxe8 26. Qc7 {Black resigns} 1-0

[Event "Team 45 45 League T84"]
[Site "Internet Chess Club"]
[Date "2020.04.18"]
[Round "3"]
[White "bobhill"]
[Black "pishd"]
[Result "1-0"]
[WhiteElo "1869"]
[BlackElo "1824"]
[Opening "Queen's bishop game"]
[ECO "D02"]
[Time "10:03:29"]
[TimeControl "2700+45"]

1. d4 d5 2. Nf3 Nf6 3. Bf4 c5 4. e3 cxd4 5. exd4 Nc6 6. c3 Bg4 7. Nbd2 e6 8. Qb3
Qc8 9. Ne5 Bf5 10. Bb5 a6 11. Bxc6+ bxc6 12. Qa4 Bd6 13. Bg3 Bxe5 14. Bxe5 O-O
15. O-O Nd7 16. Bg3 c5 17. Rfe1 Re8 18. Nf3 Qb7 19. a3 Qb5 20. Qxb5 axb5 21.
dxc5 Nxc5 22. Nd4 Bd3 23. Bd6 Rec8 24. Re3 Bc4 25. Rd1 Nb3 26. Nf3 Ra6 27. Bb4
Nc5 28. Ne5 Bb3 29. Rde1 f6 30. Bxc5 fxe5 31. Bb4 e4 32. f3 Bc2 33. f4 Bb3 34.
Kf2 Rc7 35. Rg3 Rf7 36. Ke3 Rc6 37. Rg5 Rf5 38. h4 h6 39. Rg4 Bc4 40. Rh1 h5 41.
Rg5 Kf7 42. Rh3 Rxg5 43. hxg5 Kg6 44. g3 Bb3 45. Rh2 Bc4 46. Kd4 Bb3 47. Rh1 Bc4
48. Ke5 e3 49. Kd4 e2 50. Re1 Kf5 51. b3 Bxb3 52. Rxe2 Kg4 53. Re3 h4 54. gxh4
Kxf4 55. Re1 Bc4 56. Be7 Bb3 57. Rf1+ Kg4 58. Rh1 Rc4+ 59. Kd3 g6 60. Re1 Re4
61. Rxe4+ dxe4+ 62. Kxe4 Kxh4 63. Kd4 Kg4 64. Kc5 e5 65. Kxb5 e4 66. c4 e3 67.
a4 e2 68. Bb4 Kxg5 69. a5 Bc2 70. c5 Kf4 71. a6 Kf3 72. a7 Be4 73. c6 Kf2 74.
a8=Q {Black resigns} 1-0

[Event "Team 45 45 League T84"]
[Site "Internet Chess Club"]
[Date "2020.04.15"]
[Round "3"]
[White "Ajolote"]
[Black "Sloggi"]
[Result "1/2-1/2"]
[WhiteElo "1969"]
[BlackElo "1980"]
[Opening "Caro-Kann: classical, 6.h4"]
[ECO "B18"]
[Time "21:02:28"]
[TimeControl "2700+45"]

1. e4 c6 2. d4 d5 3. Nc3 dxe4 4. Nxe4 Bf5 5. Ng3 Bg6 6. h4 h6 7. Nh3 Nf6 8. Nf4
Bh7 9. Bc4 e6 10. O-O Bd6 11. Re1 O-O 12. Ngh5 Re8 13. c3 Nbd7 14. Nxf6+ Qxf6
15. g3 e5 16. Nh5 Qg6 17. Be3 exd4 18. cxd4 Nb6 19. Bb3 Qd3 20. Qg4 Qg6 21. Qxg6
Bxg6 22. Nf4 Be4 23. Rad1 Bf3 24. Rd3 Bxf4 25. gxf4 Rad8 26. Bd2 Rxe1+ 27. Bxe1
Bd5 28. Ba5 Rd7 29. Bxb6 axb6 30. Bxd5 Rxd5 31. Rb3 b5 32. Rb4 Kh7 33. Kg2 Kg6
34. Kf3 Kf5 35. a4 g6 36. axb5 cxb5 37. Rb3 b6 38. Rb4 f6 39. Rb3 g5 40. fxg5
fxg5 41. hxg5 hxg5 42. Ke3 g4 43. Rc3 Kg5 44. Rc8 Rf5 45. Rg8+ Kh4 46. Rh8+ Kg5
47. Rg8+ Kh4 {Game drawn by mutual agreement} 1/2-1/2

[Event "Team 45 45 League T84"]
[Site "Internet Chess Club"]
[Date "2020.04.19"]
[Round "3"]
[White "LittleButton"]
[Black "MarcB"]
[Result "0-1"]
[WhiteElo "1846"]
[BlackElo "1865"]
[Opening "Queen's pawn, Mason variation"]
[ECO "D00"]
[Time "14:07:45"]
[TimeControl "2700+45"]

1. d4 d5 2. Bf4 c6 3. Nc3 Nf6 4. e3 e6 5. Bd3 Nbd7 6. Nf3 Be7 7. Ne5 O-O 8. Qe2
c5 9. Nxd7 Bxd7 10. dxc5 Bxc5 11. O-O Bc6 12. Nb5 Qe7 13. Nd4 e5 14. Nxc6 bxc6
15. Bg3 Rab8 16. c3 Qe6 17. b4 Bd6 18. e4 h6 19. f3 Nh5 20. Bf2 Nf4 21. Qc2 d4
22. cxd4 exd4 23. a3 Nxd3 24. Qxd3 c5 25. bxc5 Bxc5 26. Rac1 Rb3 27. Qc4 Bxa3
28. Qxe6 fxe6 29. Rc7 e5 30. Rxa7 Rc8 31. Rd7 Rc1 32. Bg3 Rc5 33. Re7 d3 34. Rd7
Rc2 35. Bxe5 Bc5+ 36. Kh1 Be3 37. Ra1 Rc1+ 38. Rxc1 Bxc1 39. h4 Be3 40. Bc7 d2
41. Kh2 Rb1 42. Bb6 Rxb6 {White resigns} 0-1

[Event "Team 45 45 League T84"]
[Site "Internet Chess Club"]
[Date "2020.04.18"]
[Round "3"]
[White "cayo89"]
[Black "jjimalo"]
[Result "0-1"]
[WhiteElo "1576"]
[BlackElo "1790"]
[Opening "Sicilian defense"]
[ECO "B20"]
[Time "11:00:29"]
[TimeControl "2700+45"]

1. e4 c5 2. b3 Nc6 3. Bb2 d6 4. f4 e5 5. g3 a6 6. Nf3 Bg4 7. h3 Bxf3 8. Qxf3 Nf6
9. Nc3 Nd4 10. Qd1 exf4 11. gxf4 b5 12. Bg2 b4 13. Ne2 Nh5 14. Bxd4 cxd4 15. d3
Qh4+ 16. Kd2 Nxf4 17. Qf1 Nxe2 18. Kxe2 g6 19. Re1 Bh6 20. e5 Rc8 21. Kd1 O-O
22. exd6 Qg5 {White resigns} 0-1

[Event "Team 45 45 League T84"]
[Site "Internet Chess Club"]
[Date "2020.04.18"]
[Round "3"]
[White "room-matt"]
[Black "Redman1"]
[Result "1/2-1/2"]
[WhiteElo "1810"]
[BlackElo "1525"]
[Opening "French: Winawer, advance, Bogolyubov variation"]
[ECO "C17"]
[Time "11:04:25"]
[TimeControl "2700+45"]

1. e4 e6 2. d4 d5 3. Nc3 Bb4 4. e5 c5 5. Bd2 a6 6. Nce2 Bxd2+ 7. Qxd2 Nc6 8. Nf3
Nh6 9. O-O-O c4 10. Ng3 O-O 11. Nh5 Bd7 12. Nf4 Rc8 13. Be2 b5 14. Rde1 b4 15.
Qd1 Qa5 16. Kb1 c3 17. b3 Qb6 18. Qd3 Ra8 19. Ng5 g6 20. Nh5 Bc8 21. Nf6+ Kg7
22. Rd1 Qa5 23. Ka1 Qa3 24. Rb1 a5 25. Nh5+ Kg8 26. Nf6+ Kg7 27. Nh5+ Kg8 28.
Nf6+ Kg7 29. Nh5+ Kg8 {Game drawn by repetition} 1/2-1/2

[Event "Team 45 45 League T84"]
[Site "Internet Chess Club"]
[Date "2020.04.19"]
[Round "3"]
[White "janh"]
[Black "achessman"]
[Result "1-0"]
[WhiteElo "1907"]
[BlackElo "1772"]
[Opening "Queen's pawn: Chigorin variation"]
[ECO "D00"]
[Time "23:06:18"]
[TimeControl "2700+45"]

1. d4 d5 2. Nc3 Nf6 3. Bf4 e6 4. Nb5 Na6 5. e3 c6 6. Nc3 Be7 7. Bd3 Nb4 8. Be2
a5 9. h3 c5 10. Nf3 O-O 11. O-O Nc6 12. Ne5 Nd7 13. Bh2 Re8 14. Bd3 Ndxe5 15.
dxe5 Bd7 16. a3 Rb8 17. f4 c4 18. Be2 b5 19. f5 b4 20. fxe6 fxe6 21. Nxd5 Bc5
22. Nf6+ gxf6 23. exf6 Bxe3+ 24. Kh1 Rf8 25. Bxc4 Kh8 26. Bxb8 Nxb8 27. axb4
axb4 28. Qd6 Qc8 29. Qe7 Bh6 30. Bd3 {Black resigns} 1-0

[Event "Team 45 45 League T84"]
[Site "Internet Chess Club"]
[Date "2020.04.19"]
[Round "3"]
[White "LookImYourVader"]
[Black "primerpaso"]
[Result "0-1"]
[WhiteElo "1805"]
[BlackElo "1829"]
[Opening "Réti opening"]
[ECO "A06"]
[Time "14:03:05"]
[TimeControl "2700+45"]

1. Nf3 d5 2. e3 Nf6 3. c4 e6 4. d4 Be7 5. Nc3 O-O 6. Qc2 b6 7. cxd5 exd5 8. Bd3
Bb7 9. O-O Re8 10. Ne5 Bd6 11. f4 c5 12. Bb5 Re7 13. b3 cxd4 14. exd4 Rc7 15.
Qb2 a6 16. Bd3 Nc6 17. Nxc6 Bxc6 18. Bd2 Ne4 19. Bxe4 dxe4 20. Rfe1 Rac8 21. Be3
Qf6 22. Ne2 Bb5 23. Rac1 Rxc1 24. Rxc1 Rxc1+ 25. Bxc1 Bxe2 26. Qxe2 Qxd4+ 27.
Be3 Qb4 28. g4 Bc5 29. Kg2 g6 30. Bxc5 bxc5 31. Qxa6 Qd2+ 32. Kg3 Qe3+ 33. Kh4
Qxf4 34. Qc8+ Kg7 35. Qxc5 Qxh2+ 36. Kg5 Qh6# {White checkmated} 0-1

[Event "Team 45 45 League T84"]
[Site "Internet Chess Club"]
[Date "2020.04.19"]
[Round "3"]
[White "ElValero"]
[Black "QuieroAprender"]
[Result "1-0"]
[WhiteElo "1767"]
[BlackElo "1649"]
[Opening "QGD Slav: exchange variation"]
[ECO "D13"]
[Time "14:05:05"]
[TimeControl "2700+45"]

1. Nf3 d5 2. d4 Nf6 3. c4 c6 4. cxd5 cxd5 5. Nc3 Nc6 6. Bf4 Nh5 7. Be5 f6 8. Bg3
g5 9. e3 Nxg3 10. hxg3 Be6 11. Qb3 Qd7 12. Bd3 g4 13. Nh4 Bg7 14. Na4 b6 15. Rc1
Na5 16. Qc2 Kf7 17. Bxh7 Rhc8 18. Qg6+ Kf8 19. Nc3 Nc4 20. Qh5 Bf7 21. Bg6 Nd6
22. Bxf7 Nxf7 23. Nf5 e6 24. Nxg7 Kxg7 25. Qxg4+ Kf8 26. Rh7 Ke7 27. Qg6 Rf8 28.
g4 Rac8 29. g5 fxg5 30. Qxg5+ Kd6 31. Qg3+ Ke7 32. Ke2 Rxc3 33. bxc3 Qb5+ 34.
Kd2 Qc4 35. a3 Qa2+ 36. Rc2 Qxa3 37. Qc7+ Kf6 38. g4 Kg6 39. Qh2 Kf6 40. Qh4+
Kg6 41. Qh5+ Kf6 42. g5+ Nxg5 43. Rh6+ Kf5 44. Rg6 Qe7 45. f4 Ke4 46. Rxg5
{Black resigns} 1-0

[Event "Team 45 45 League T84"]
[Site "Internet Chess Club"]
[Date "2020.04.18"]
[Round "3"]
[White "wildkingdumb"]
[Black "Portola"]
[Result "0-1"]
[WhiteElo "1596"]
[BlackElo "1727"]
[Opening "French defense"]
[ECO "C00"]
[Time "14:02:11"]
[TimeControl "2700+45"]

1. e4 e6 2. Nc3 d5 3. exd5 exd5 4. d4 c6 5. Bd3 Nf6 6. Nge2 Bg4 7. f3 Bh5 8. Nf4
Bg6 9. Qe2+ Be7 10. O-O Bxd3 11. Nxd3 O-O 12. Bg5 Nbd7 13. Rfe1 Re8 14. Qd2 Qc7
15. Ne5 Bd6 16. Bxf6 Nxf6 17. f4 Re7 18. Re2 Rae8 19. Rae1 Qb6 20. Kh1 Qxb2 21.
Rb1 Qa3 22. Rb3 Qa5 23. Qd3 Ne4 24. Nxe4 dxe4 25. Qc4 Qd5 26. g4 {White resigns}
0-1

[Event "Team 45 45 League T84"]
[Site "Internet Chess Club"]
[Date "2020.04.17"]
[Round "3"]
[White "julesraider"]
[Black "Bumun"]
[Result "0-1"]
[WhiteElo "1649"]
[BlackElo "1686"]
[Opening "Queen's pawn: Charlick (Englund) gambit"]
[ECO "A40"]
[Time "16:01:51"]
[TimeControl "2700+45"]

1. d4 e5 2. dxe5 Nc6 3. Nf3 Qe7 4. Bg5 Qb4+ 5. Nc3 Qxb2 6. Bd2 Bb4 7. Rb1 Qa3 8.
Rb3 Qa5 9. a3 Bxc3 10. Bxc3 Qa4 11. e3 Nge7 12. Be2 O-O 13. h4 Rd8 14. Qd3 d6
15. Ng5 Bf5 16. e4 Nxe5 17. Qe3 Bd7 18. f4 Ng4 19. Qd3 h6 20. Rb4 Qxa3 21. Qd4
Qc1+ 22. Bd1 Qe3+ 23. Qxe3 Nxe3 24. Nf3 Nxg2+ 25. Kf2 Nxf4 26. Ke3 Ne6 27. Rg1
g6 28. h5 Nc5 29. Bf6 Re8 30. hxg6 Nd5+ 31. Kd4 Nxb4 32. e5 Nc6+ 33. Kc3 dxe5
34. Be2 Ne4+ {White resigns} 0-1

[Event "Team 45 45 League T84"]
[Site "Internet Chess Club"]
[Date "2020.04.17"]
[Round "3"]
[White "liujf"]
[Black "rubo"]
[Result "1-0"]
[WhiteElo "1610"]
[BlackElo "1530"]
[Opening "Queen's pawn: London system"]
[ECO "A45"]
[Time "19:00:26"]
[TimeControl "2700+45"]

1. d4 Nf6 2. Bf4 d5 3. e3 c5 4. c3 Nc6 5. Nd2 Bf5 6. Ngf3 cxd4 7. exd4 Qb6 8.
Qb3 e6 9. Bb5 Be7 10. Ne5 Rc8 11. h3 h6 12. a4 O-O 13. a5 Nxa5 14. Qa4 Bd8 15.
Bd7 Ra8 16. b4 Nc6 17. Nxc6 bxc6 18. Bxc6 Rc8 19. b5 Bc7 20. Be5 Bxe5 21. dxe5
Ne4 22. Nxe4 Bxe4 23. Qxa7 Qxa7 24. Rxa7 Bxg2 25. Rh2 Be4 26. Kd2 Bf5 27. Rh1 f6
28. Rg1 Rf7 29. Ra3 fxe5 30. Rga1 Kh7 31. Ra7 Rfc7 32. Ra8 Bxh3 33. b6 Rxc6 34.
b7 Rxa8 35. bxa8=Q Rb6 36. Qa3 Bf5 37. Ra2 Rb7 38. Rb2 Rf7 39. Qa8 Bg6 40. Ke3
e4 41. Kd4 Rf3 42. Rb8 Bf5 43. Rg8 Rxf2 44. Qe8 g5 45. Qf7# {Black checkmated}
1-0